AoeStats
← 暗魔陰蒂

Black Forest

508094663Analyzed
4v4 RM · 10d ago on Sep 20, 2026· 57m 13s· 8 players
Game mode
Random Map
Map size
Large (8 player)
Population
200
Speed
Normal
Resources
Standard
Victory
Conquest
Starting age
Dark Age
Ending age
Imperial Age
RankedLock teamsTeams togetherTeam positionsShared explorationLock speedFull tech treeHidden civsTurbo modeCheats
Victory
Defeat
🇨🇱 Persians · Chile
637
+14
🇨🇱 Franks · Chile
634
+14
🇨🇱 Magyars · Chile
617
+15
🇨🇱 Khmer · Chile
459
+21
🇲🇽 Teutons · Mexico
678
-20
🇩🇪 Khmer · Germany
576
-16
🇨🇦 Khmer · Canada
554
-15
🇹🇼 Spanish · Taiwan
523
-13
2022aoe2
0:27 Loom
Skay9275
15:46 Feudal Age
17:22 Double-Bit Axe
21:59 Castle Age
40:46 Horse Collar
41:53 Wheelbarrow
43:51 Imperial Age
43:13 Husbandry
43:23 Bloodlines
45:59 Heavy Scorpion
46:36 Elite Battle Elephant
49:14 Chemistry
48:35 Ballistics
48:05 Heated Shot
50:43 Elite Ballista Elephant
暗魔陰蒂
1:47 Loom
16:24 Feudal Age
17:07 Double-Bit Axe
17:04 Horse Collar
18:36 Gold Mining
19:17 Stone Mining
24:59 Wheelbarrow
24:11 Town Watch
29:07 Castle Age
31:26 Bow Saw
32:50 Stone Shaft Mining
37:42 Heavy Plow
41:46 Caravan
42:16 Coinage
41:49 Inquisition
44:29 Imperial Age
42:15 Hand Cart
45:28 Pikeman
46:08 Squires
46:47 Forging
46:37 Scale Mail Armor
46:42 Scale Barding Armor
46:28 Fletching
46:38 Padded Archer Armor
46:15 Halberdier
46:40 Arson
46:16 Man-at-Arms
46:41 Gambesons
46:30 Elite Conquistador
47:46 Hoardings
47:32 Conscription
47:59 Masonry
47:35 Arrowslits
48:11 Ballistics
47:46 Murder Holes
47:42 Guard Tower
47:42 Light Cavalry
48:32 Bloodlines
48:23 Husbandry
47:43 Cavalier
50:22 Hoardings
55:00 Banking
54:40 Guilds
57:59 Two-Man Saw
julian_venom
11:38 Feudal Age
12:45 Horse Collar
13:17 Double-Bit Axe
15:25 Wheelbarrow
16:54 Gold Mining
17:03 Stone Mining
21:33 Castle Age
23:45 Hand Cart
28:30 Bow Saw
28:25 Heavy Plow
29:03 Gold Shaft Mining
29:16 Stone Shaft Mining
29:18 Caravan
30:26 Scale Barding Armor
34:14 Imperial Age
32:35 Chain Barding Armor
33:15 Husbandry
33:28 Bloodlines
33:39 Town Watch
33:40 Loom
34:04 Tusk Swords
35:20 Elite Battle Elephant
36:25 Conscription
37:03 Ballistics
37:53 Plate Barding Armor
39:36 Fortified Wall
39:38 Masonry
39:48 Siege Engineers
39:41 Murder Holes
40:07 Town Patrol
42:13 Crop Rotation
44:06 Architecture
43:31 Heavy Scorpion
iBita
0:43 Loom
18:55 Feudal Age
20:04 Horse Collar
20:18 Gold Mining
20:16 Double-Bit Axe
26:26 Castle Age
24:46 Scale Barding Armor
24:52 Forging
27:35 Bow Saw
28:05 Gold Shaft Mining
30:36 Heavy Plow
32:49 Stone Mining
34:15 Stone Shaft Mining
35:27 Caravan
38:37 Murder Holes
41:35 Imperial Age
39:43 Wheelbarrow
40:14 Chain Barding Armor
40:41 Hand Cart
42:10 Iron Casting
41:28 Elite War Elephant
44:57 Two-Man Saw
44:34 Crop Rotation
44:25 Capped Ram
46:13 Plate Barding Armor
46:39 Blast Furnace
45:31 Fletching
50:09 Siege Ram
50:17 Siege Ram
Inti
14:14 Feudal Age
14:45 Arson
14:26 Man-at-Arms
21:26 Double-Bit Axe
21:23 Horse Collar
21:35 Gold Mining
21:43 Stone Mining
29:07 Castle Age
30:21 Bloodlines
30:12 Husbandry
30:57 Long Swordsman
37:29 Wheelbarrow
36:41 Loom
39:28 Bow Saw
40:00 Gold Shaft Mining
39:36 Pikeman
40:54 Fervor
40:51 Caravan
41:25 Coinage
41:27 Hand Cart
48:09 Scale Barding Armor
47:55 Fletching
48:06 Padded Archer Armor
49:59 Corvinian Army
55:52 Imperial Age
55:16 Thumb Ring
54:35 Elite Skirmisher
57:19 Parthian Tactics
56:16 Heavy Cavalry Archer
56:19 Cavalier
56:34 Elite Magyar Huszar
57:17 Recurve Bow
Jiray
6:02 Loom
13:03 Feudal Age
18:55 Castle Age
17:47 Double-Bit Axe
26:53 Wheelbarrow
30:33 Imperial Age
31:23 Bow Saw
32:34 Husbandry
33:33 Conscription
33:57 Forging
35:30 Cavalier
37:36 Hand Cart
37:54 Ballistics
38:20 Iron Casting
39:56 Scale Barding Armor
40:52 Blast Furnace
40:02 Chivalry
42:59 Gold Mining
43:00 Stone Mining
43:41 Chain Barding Armor
43:12 Fletching
45:17 Gold Shaft Mining
44:06 Paladin
46:53 Plate Barding Armor
46:14 Bodkin Arrow
50:29 Padded Archer Armor
50:29 Scale Mail Armor
50:29 Murder Holes
50:46 Masonry
50:47 Fortified Wall
51:38 Chemistry
ceXcy
12:46 Feudal Age
15:07 Wheelbarrow
16:05 Double-Bit Axe
22:40 Castle Age
20:26 Loom
21:42 Scale Barding Armor
21:29 Fletching
21:31 Horse Collar
28:13 Gold Mining
28:13 Stone Mining
30:42 Hand Cart
31:29 Heavy Plow
35:01 Tusk Swords
40:40 Caravan
46:04 Imperial Age
44:29 Ballistics
44:07 Murder Holes
46:11 Elite Ballista Elephant
47:01 Double Crossbow
48:43 Bodkin Arrow
49:01 Forging
48:53 Padded Archer Armor
51:53 Chain Barding Armor
52:20 Iron Casting
Connection lost

Rejoining the realm…

Still unreachable

The connection could not be restored.

Session expired

The server has moved on; the page needs a fresh start.